MID
AUGUSTA GREENJACKETS @ ATLANTA (MID) BRAVES
08/31/2049
 
TOP OF THE 1ST
Augusta GreenJackets batting - Pitching for Atlanta (MID) Braves : RHP Chris Lincecum II
Pitching: RHP Chris Lincecum II
Batting: LHB Bruce Arvizu 0-0: Called Strike
0-1: Called Strike
0-2: Ball
1-2: Fly out, F8 (Line Drive, 8RM, EV 92.5 MPH)
Batting: LHB Gil Caraveo 0-0: Fly out, F7 (Flyball, 7S, EV 90.0 MPH)
Batting: RHB Frank Pena 0-0: Ball
1-0: SINGLE (Flyball, 4D, EV 95.0 MPH)
Batting: LHB Sam Ogg 0-0: Ball
1-0: Ball
2-0: Called Strike
2-1: Called Strike
2-2: Strikes out looking
Top of the 1st over - 0 runs, 1 hit, 0 errors, 1 left on base; Augusta 0 - Atlanta (MID) 0
BOTTOM OF THE 1ST
Atlanta (MID) Braves batting - Pitching for Augusta GreenJackets : LHP Dan Poirier
Pitching: LHP Dan Poirier
Batting: LHB Eric Jackson 0-0: Bunt missed!
0-1: SINGLE (Groundball, 25, EV 75.0 MPH) (infield hit)
Batting: RHB Nick Holsinger 0-0: Ball
Eric Jackson steals 2nd base
1-0: Ball
2-0: Foul Ball, location: 2F
2-1: Ground out 6-3 (Groundball, 56, EV 81.9 MPH)
Batting: LHB Tamaichi Sasada 0-0: SINGLE (Groundball, 56, EV 95.0 MPH)
Eric Jackson to third
Runner from 3rd tries for Home, SAFE, throw by LF to home
Batting: RHB Josh McCormick 0-0: Called Strike
0-1: SINGLE (Line Drive, 7S, EV 95.0 MPH)
Tamaichi Sasada to second
Batting: SHB Brett McEwen 0-0: Called Strike
0-1: Ball
1-1: Swinging Strike
1-2: Foul Ball, location: 2F
1-2: Ball
2-2: 3-RUN HOME RUN (Flyball, 7D, EV 98.1 MPH), Distance : 385 ft
Batting: RHB Elias Vences 0-0: Ball
1-0: Fly out, F9 (Flyball, 89M, EV 86.2 MPH)
Batting: LHB Luis Cruz 0-0: Called Strike
0-1: Ball
1-1: Foul Ball, location: 2F
1-2: Strikes out swinging
Bottom of the 1st over - 4 runs, 4 hits, 0 errors, 0 left on base; Augusta 0 - Atlanta (MID) 4
TOP OF THE 2ND
Augusta GreenJackets batting - Pitching for Atlanta (MID) Braves : RHP Chris Lincecum II
Batting: LHB Oscar Tamayo 0-0: Fly out, F5 (Popup, 5SF, EV 66.9 MPH)
Batting: RHB Aaron Burress 0-0: Ball
1-0: Ground out 5-3 (Groundball, 5L, EV 85.0 MPH)
Batting: LHB Ho-win Zhou 0-0: Called Strike
0-1: Ball
1-1: Swinging Strike
1-2: Ball
2-2: Strikes out swinging
Top of the 2nd over - 0 runs, 0 hits, 0 errors, 0 left on base; Augusta 0 - Atlanta (MID) 4
BOTTOM OF THE 2ND
Atlanta (MID) Braves batting - Pitching for Augusta GreenJackets : LHP Dan Poirier
Batting: RHB Alex Campos 0-0: Ball
1-0: Foul Ball, location: 2F
1-1: Called Strike
1-2: Strikes out looking
Batting: RHB Gabe Allen 0-0: Ball
1-0: Ball
2-0: Ball
3-0: Called Strike
3-1: Called Strike
3-2: Strikes out swinging
Batting: LHB Eric Jackson 0-0: Ball
1-0: Called Strike
1-1: Foul Ball, location: 2F
1-2: SINGLE (Groundball, 56, EV 104.4 MPH)
Batting: RHB Nick Holsinger 0-0: Ball
1-0: Ball
Eric Jackson steals 2nd, throwing error, E2
Eric Jackson to third
2-0: Ball
3-0: Called Strike
3-1: Ground out 5-3 (Groundball, 5, EV 103.8 MPH)
Bottom of the 2nd over - 0 runs, 1 hit, 1 error, 1 left on base; Augusta 0 - Atlanta (MID) 4
TOP OF THE 3RD
Augusta GreenJackets batting - Pitching for Atlanta (MID) Braves : RHP Chris Lincecum II
Batting: RHB Jonathan Davis 0-0: Ball
1-0: Ball
2-0: Ball
3-0: Base on Balls
Batting: RHB Allen Gravel 0-0: SINGLE (Line Drive, 5D, EV 96.9 MPH)
Jonathan Davis to second
Batting: LHB Bruce Arvizu 0-0: Fly out, F7 (Line Drive, 7, EV 85.6 MPH)
Batting: LHB Gil Caraveo 0-0: Swinging Strike
0-1: Ball
1-1: Foul Ball, location: 2F
1-2: Foul Ball, location: 2F
1-2: Strikes out looking
Batting: RHB Frank Pena 0-0: Ball
1-0: Ball
2-0: Foul Ball, location: 2F
2-1: Ball
3-1: SINGLE (Groundball, 6M, EV 100.6 MPH)
Jonathan Davis to third
Allen Gravel to second
Runner from 3rd tries for Home, SAFE, throw by CF to home
Batting: LHB Sam Ogg 0-0: Called Strike
0-1: Ball
1-1: Swinging Strike
1-2: Ball
2-2: Ground out U3 (Groundball, 34, EV 86.9 MPH)
Top of the 3rd over - 1 run, 2 hits, 0 errors, 2 left on base; Augusta 1 - Atlanta (MID) 4
BOTTOM OF THE 3RD
Atlanta (MID) Braves batting - Pitching for Augusta GreenJackets : LHP Dan Poirier
Batting: LHB Tamaichi Sasada 0-0: Foul Ball, location: 2F
0-1: DOUBLE (Flyball, 8RXD, EV 93.8 MPH)
Batting: RHB Josh McCormick 0-0: Ground out 6-3 (Groundball, 6, EV 88.1 MPH)
Batting: SHB Brett McEwen 0-0: SINGLE (Groundball, 34D, EV 101.9 MPH)
Tamaichi Sasada to third
Batting: RHB Elias Vences 0-0: 3-RUN HOME RUN (Flyball, 9D, EV 92.5 MPH), Distance : 367 ft
Pitching: RHP Ted Splawn
Batting: LHB Luis Cruz 0-0: Foul Ball, location: 2F
0-1: Swinging Strike
0-2: Ball
1-2: Ball
2-2: Strikes out swinging
Batting: RHB Alex Campos 0-0: Ball
1-0: Called Strike
1-1: Foul Ball, location: 2F
1-2: Ball
2-2: Strikes out swinging
Bottom of the 3rd over - 3 runs, 3 hits, 0 errors, 0 left on base; Augusta 1 - Atlanta (MID) 7
TOP OF THE 4TH
Augusta GreenJackets batting - Pitching for Atlanta (MID) Braves : RHP Chris Lincecum II
Batting: LHB Oscar Tamayo 0-0: Called Strike
0-1: Ball
1-1: Swinging Strike
1-2: DOUBLE (Groundball, 3L, EV 100.0 MPH)
Batting: RHB Aaron Burress 0-0: Ball
1-0: Foul Ball, location: 2F
1-1: Foul Ball, location: 2F
1-2: Ball
2-2: Ball
3-2: Foul Ball, location: 2F
3-2: Ground out 5-3 (Groundball, 56S, EV 90.0 MPH)
Batting: LHB Ho-win Zhou 0-0: Ball
1-0: Foul Ball, location: 2F
1-1: Fly out, F4 (Popup, 34, EV 52.5 MPH)
Batting: RHB Jonathan Davis 0-0: Ball
1-0: Swinging Strike
1-1: Ground out 6-3 (Groundball, 56, EV 86.2 MPH)
Top of the 4th over - 0 runs, 1 hit, 0 errors, 1 left on base; Augusta 1 - Atlanta (MID) 7
BOTTOM OF THE 4TH
Atlanta (MID) Braves batting - Pitching for Augusta GreenJackets : RHP Ted Splawn
Batting: RHB Gabe Allen 0-0: Ball
1-0: Swinging Strike
1-1: Swinging Strike
1-2: Strikes out looking
Batting: LHB Eric Jackson 0-0: Called Strike
0-1: Ball
1-1: Ball
2-1: Swinging Strike
2-2: Ball
3-2: SINGLE (Line Drive, 7LS, EV 106.9 MPH)
Batting: RHB Nick Holsinger 0-0: Ball
1-0: Swinging Strike
1-1: Foul Ball, location: 2F
1-2: Strikes out looking
Batting: LHB Tamaichi Sasada 0-0: Ball
Eric Jackson steals 2nd base
1-0: Ball
2-0: Called Strike
2-1: SINGLE (Groundball, 4MD, EV 101.9 MPH)
Eric Jackson to third
Runner from 3rd tries for Home, SAFE, throw by CF to home
Batting: RHB Josh McCormick 0-0: Ball
1-0: Called Strike
1-1: Foul Ball, location: 2F
1-2: Foul Ball, location: 2F
1-2: Foul Ball, location: 2F
1-2: Fly out, F7 (Flyball, 7S, EV 85.6 MPH)
Bottom of the 4th over - 1 run, 2 hits, 0 errors, 1 left on base; Augusta 1 - Atlanta (MID) 8
TOP OF THE 5TH
Augusta GreenJackets batting - Pitching for Atlanta (MID) Braves : RHP Chris Lincecum II
Batting: RHB Allen Gravel 0-0: Ball
1-0: Fly out, F7 (Flyball, 78S, EV 88.1 MPH)
Batting: LHB Bruce Arvizu 0-0: Ball
1-0: Ball
2-0: Fly out, F9 (Flyball, 9LS, EV 88.8 MPH)
Batting: LHB Gil Caraveo 0-0: Called Strike
0-1: Ball
1-1: Foul Ball, location: 2F
1-2: Fly out, F8 (Flyball, 8RD, EV 93.1 MPH)
Top of the 5th over - 0 runs, 0 hits, 0 errors, 0 left on base; Augusta 1 - Atlanta (MID) 8
BOTTOM OF THE 5TH
Atlanta (MID) Braves batting - Pitching for Augusta GreenJackets : RHP Ted Splawn
Batting: SHB Brett McEwen 0-0: Called Strike
0-1: Ball
1-1: Ball
2-1: Ball
3-1: Swinging Strike
3-2: Foul Ball, location: 2F
3-2: Foul Ball, location: 2F
3-2: Base on Balls
Batting: RHB Elias Vences 0-0: Ball
1-0: Called Strike
1-1: Swinging Strike
1-2: Foul Ball, location: 2F
1-2: Hit by Pitch
Brett McEwen to second
Batting: LHB Luis Cruz 0-0: Fly out, F8 (Flyball, 8LD, EV 101.9 MPH)
Batting: RHB Alex Campos 0-0: Ball
1-0: Ball
2-0: Foul Ball, location: 2F
2-1: Ball
3-1: Foul Ball, location: 2F
3-2: Base on Balls
Brett McEwen to third
Elias Vences to second
Batting: RHB Gabe Allen 0-0: Swinging Strike
0-1: SINGLE (Line Drive, 78M, EV 103.1 MPH)
Brett McEwen scores
Elias Vences to third
Alex Campos to second
Runner from 3rd tries for Home, SAFE, throw by CF to home
Batting: LHB Eric Jackson 0-0: Foul Ball, location: 2F
0-1: Swinging Strike
0-2: Strikes out swinging
Batting: RHB Nick Holsinger 0-0: Called Strike
0-1: SINGLE (Flyball, 34D, EV 96.2 MPH)
Alex Campos to third
Gabe Allen to second
Runner from 3rd tries for Home, SAFE, throw by RF to home
Batting: LHB Tamaichi Sasada 0-0: Called Strike
0-1: Fly out, F7 (Flyball, 78M, EV 88.8 MPH)
Bottom of the 5th over - 3 runs, 2 hits, 0 errors, 2 left on base; Augusta 1 - Atlanta (MID) 11
TOP OF THE 6TH
Augusta GreenJackets batting - Pitching for Atlanta (MID) Braves : RHP Chris Lincecum II
Batting: RHB Frank Pena 0-0: Ball
1-0: Ground out 6-3 (Groundball, 6, EV 103.1 MPH)
Batting: LHB Sam Ogg 0-0: Fly out, F9 (Line Drive, 9S, EV 88.1 MPH)
Batting: LHB Oscar Tamayo 0-0: Ball
1-0: Fly out, F8 (Flyball, 8RXD, EV 104.4 MPH)
Top of the 6th over - 0 runs, 0 hits, 0 errors, 0 left on base; Augusta 1 - Atlanta (MID) 11
BOTTOM OF THE 6TH
Atlanta (MID) Braves batting - Pitching for Augusta GreenJackets : RHP Ted Splawn
Batting: RHB Josh McCormick 0-0: Called Strike
0-1: Ball
1-1: Ball
2-1: Swinging Strike
2-2: Ball
3-2: Base on Balls
Pitching: LHP Kevin Drew
Batting: SHB Brett McEwen 0-0: Ball
1-0: Called Strike
1-1: Swinging Strike
1-2: Strikes out swinging
Batting: RHB Elias Vences 0-0: DOUBLE (Flyball, 8RXD, EV 101.2 MPH)
Josh McCormick to third
Batting: LHB Luis Cruz 0-0: Called Strike
0-1: Foul Ball, location: 2F
0-2: Ball
1-2: Ball
2-2: Strikes out swinging
Batting: RHB Alex Campos Balk!
Josh McCormick scores
Elias Vences to third
0-0: Ball
1-0: Fly out, F9 (Flyball, 9LSF, EV 75.6 MPH)
Bottom of the 6th over - 1 run, 1 hit, 0 errors, 1 left on base; Augusta 1 - Atlanta (MID) 12
TOP OF THE 7TH
Augusta GreenJackets batting - Pitching for Atlanta (MID) Braves : RHP Chris Lincecum II
Batting: RHB Aaron Burress 0-0: Fly out, F7 (Line Drive, 7, EV 101.9 MPH)
Batting: LHB Ho-win Zhou 0-0: Foul Ball, location: 2F
0-1: Foul Ball, location: 2F
0-2: Strikes out swinging
Batting: RHB Jonathan Davis 0-0: Ball
1-0: Ball
2-0: Called Strike
2-1: Foul Ball, location: 2F
2-2: Ball
3-2: Strikes out looking
Top of the 7th over - 0 runs, 0 hits, 0 errors, 0 left on base; Augusta 1 - Atlanta (MID) 12
BOTTOM OF THE 7TH
Atlanta (MID) Braves batting - Pitching for Augusta GreenJackets : LHP Kevin Drew
Batting: RHB Gabe Allen 0-0: Fly out, F8 (Flyball, 78XD, EV 90.6 MPH)
Batting: LHB Eric Jackson 0-0: Foul Ball, location: 2F
0-1: Swinging Strike
0-2: Strikes out swinging
Batting: RHB Nick Holsinger 0-0: Ball
1-0: Foul Ball, location: 2F
1-1: Called Strike
1-2: Foul Ball, location: 2F
1-2: Foul Ball, location: 2F
1-2: Strikes out swinging
Bottom of the 7th over - 0 runs, 0 hits, 0 errors, 0 left on base; Augusta 1 - Atlanta (MID) 12
TOP OF THE 8TH
Augusta GreenJackets batting - Pitching for Atlanta (MID) Braves : RHP Chris Lincecum II
Batting: RHB Allen Gravel 0-0: Swinging Strike
0-1: Called Strike
0-2: Foul Ball, location: 2F
0-2: Ball
1-2: Ground out 5-3 (Groundball, 56, EV 100.6 MPH)
Batting: LHB Bruce Arvizu 0-0: Foul Ball, location: 2F
0-1: SINGLE (Groundball, 34, EV 105.0 MPH)
Pinch Hitting: RHB Jake Shelton 0-0: Ball
1-0: Ball
2-0: Called Strike
2-1: Called Strike
2-2: Fielders Choice at 2nd, 5-4 (Groundball, 56, EV 102.5 MPH)
Batting: RHB Frank Pena 0-0: Ball
1-0: Called Strike
1-1: Foul Ball, location: 2F
1-2: Ball
2-2: Foul Ball, location: 2F
2-2: Ball
3-2: Fly out, F7 (Flyball, 7, EV 81.9 MPH)
Top of the 8th over - 0 runs, 1 hit, 0 errors, 1 left on base; Augusta 1 - Atlanta (MID) 12
BOTTOM OF THE 8TH
Atlanta (MID) Braves batting - Pitching for Augusta GreenJackets : LHP Kevin Drew
Now in LF: Jake Shelton
Now in RF: Frank Pena
Batting: LHB Tamaichi Sasada 0-0: Ball
1-0: Foul Ball, location: 2F
1-1: Ball
2-1: Foul Ball, location: 2F
2-2: Strikes out looking
Batting: RHB Josh McCormick 0-0: Called Strike
0-1: Ball
1-1: SOLO HOME RUN (Flyball, 7LD, EV 93.1 MPH), Distance : 353 ft
Pinch Hitting: RHB Mike Bergin 0-0: TRIPLE (Flyball, 8LXD, EV 91.9 MPH)
Batting: RHB Elias Vences 0-0: Foul Ball, location: 2F
0-1: Fly out, F8 (Flyball, 8RD, EV 103.8 MPH)
Runner from 3rd tags up, SCORES, throw by CF
Batting: LHB Luis Cruz 0-0: Called Strike
0-1: Called Strike
0-2: Ground out 4-3 (Groundball, 4, EV 81.9 MPH)
Bottom of the 8th over - 2 runs, 2 hits, 0 errors, 0 left on base; Augusta 1 - Atlanta (MID) 14
TOP OF THE 9TH
Augusta GreenJackets batting - Pitching for Atlanta (MID) Braves : RHP Chris Lincecum II
Now at 1B: Andres Aldape
Batting: LHB Sam Ogg 0-0: Foul Ball, location: 2F
0-1: Ball
1-1: Ball
2-1: Swinging Strike
2-2: SOLO HOME RUN (Line Drive, 78XD, EV 108.8 MPH), Distance : 412 ft
Pinch Hitting: RHB Peter Croston 0-0: Ball
1-0: Ball
2-0: Foul Ball, location: 2F
2-1: Foul Ball, location: 2F
2-2: Strikes out swinging
Pitching: RHP Dan Spahn
Batting: RHB Aaron Burress 0-0: Called Strike
0-1: Ball
1-1: Foul Ball, location: 2F
1-2: Strikes out swinging
Batting: LHB Ho-win Zhou 0-0: Foul Ball, location: 2F
0-1: Ball
1-1: Called Strike
1-2: Foul Ball, location: 2F
1-2: Strikes out swinging, 2-3 out at first.
Top of the 9th over - 1 run, 1 hit, 0 errors, 0 left on base; Augusta 2 - Atlanta (MID) 14
Sunday, July 16th , 2023 - OOTP Baseball 24.6 Build 69